 Dungeon Crawl Stone Soup version 0.21-a0-351-g38363bb (webtiles) character file.

29 4thArraOfDagon the Vexing (level 3, -1/36 HPs)
             Began as an Ogre Enchanter on Oct 9, 2017.
             Was an Initiate of Ru.
             Slain by an adder (5 damage)
             ... on level 3 of the Dungeon.
             The game lasted 00:02:47 (489 turns).

4thArraOfDagon the Vexing (Ogre Enchanter)           Turns: 489, Time: 00:02:47

Health: -1/36      AC:  0    Str: 11 (12) XL:     3   Next: 16%
Magic:  6/6        EV: 19    Int: 17      God:    Ru [......]
Gold:   22         SH:  0    Dex: 14      Spells: 3/6 levels left

rFire    . . .     SeeInvis .   (weapon currently unavailable)
rCold    . . .     Gourm    .   (shield currently unavailable)
rNeg     . . .     Faith    .   (armour currently unavailable)
rPois    .         Spirit   .   (helmet currently unavailable)
rElec    .         Reflect  .   (cloak currently unavailable)
rCorr    .         Harm     .   (gloves unavailable)
MR       .....                  (boots unavailable)
Stlth    ++........             (no amulet)
HPRegen  0.12/turn              (ring currently unavailable)
MPRegen  0.10/turn              (ring currently unavailable)

@: bat-form, flying, very quick
A: unfitting armour, deterioration 1
a: Renounce Religion


You were on level 3 of the Dungeon.
You worshipped Ru.
Ru was noncommittal.
You were not hungry.
You were in bat-form.
You visited 1 branch of the dungeon, and saw 3 of its levels.

You collected 22 gold pieces.

Inventory:

Hand Weapons
 a - a +1 dagger (melded)
 f - a +0 club
Armour
 b - a +0 robe (melded)
 g - a +2 shield
Jewellery
 e - a ring of see invisible (melded)
Wands
 h - a wand of polymorph (4/24)
Books
 c - a book of Maledictions

   Spells                             Type                      Level
   a - Corona                         Hexes                        1
   b - Ensorcelled Hibernation        Hexes/Ice                    2
   c - Confuse                        Hexes                        3
   d - Tukima's Dance                 Hexes                        3
   e - Dazzling Spray                 Conjuration/Hexes            3
Comestibles
 d - 2 bread rations
 i - a meat ration


   Skills:
 + Level 2.5 Fighting
 - Level 0.8 Short Blades
 * Level 1.5 Maces & Flails
 - Level 1.7 Dodging
 - Level 2.1 Stealth
 - Level 2.4 Spellcasting
 - Level 2.6 Hexes


You had 3 spell levels left.
You knew the following spells:

 Your Spells              Type           Power        Failure   Level  Hunger
a - Corona                Hex            ##.....      6%          1    #......
b - Ensorcelled Hibernat  Hex/Ice        #.....       16%         2    ##.....


Dungeon Overview and Level Annotations

Branches:
Dungeon (3/15)

Altars:
Ru
Zin


Innate Abilities, Weirdness & Mutations

You are too large for most types of armour.
((You have tough skin. (AC +1)))
((You are partially covered in slimy green scales. (AC +2)))
Your body sometimes deteriorates upon taking damage.


Message History

Your ring of see invisible melds into your body.
Evoking this partially-identified wand wasted a few charges.
The adder misses you. x2
Unknown command.
You completely miss the adder. The adder bites you.
* * * LOW HITPOINT WARNING * * *
You hit the adder.
The adder is lightly wounded.
The adder misses you.
You hit the adder.
The adder is moderately wounded.
The adder bites you.
* * * LOW HITPOINT WARNING * * *
You barely miss the adder.
The adder is moderately wounded.
The adder closely misses you. x2
You hit the adder but do no damage.
The adder is moderately wounded.
The adder bites you.
You die...

#... #.## ..# #.#
## # ##.# ##8###8#
#...
##8...8...8##..#
####.........###.#
#b#_.........>#...
#S##.........##..#
#r##8...8...8###.#
#.# #8###8# #.#
#.# # # #.# #.#
#.# #.# #.. #.#
##. #.# #


You could see an adder and a rat.

Vanquished Creatures
  A river rat (D:3)
  6 bats
  A giant cockroach (D:1)
  4 goblins
  3 hobgoblins (D:1)
  A kobold (D:1)
  A frilled lizard (D:1)
  2 rats (D:2)
19 creatures vanquished.

Notes
Turn   | Place    | Note
-------+----------+-------------------------------------------
     0 | D:1      | 4thArraOfDagon the Ogre Enchanter began the quest for the Orb.
     0 | D:1      | Reached XP level 1. HP: 16/16 MP: 3/3
    58 | D:1      | Reached skill level 1 in Fighting
   119 | D:1      | Reached XP level 2. HP: 10/28 MP: 1/5
   130 | D:1      | Learned a level 2 spell: Ensorcelled Hibernation
   321 | D:2      | Reached skill level 1 in Maces & Flails
   332 | D:2      | Found a sacrificial altar of Ru.
   353 | D:2      | Became a worshipper of Ru the Awakened
   409 | D:3      | Found a glowing silver altar of Zin.
   440 | D:3      | Gained mutation: Your body sometimes deteriorates upon taking damage. [potion of mutation]
   440 | D:3      | Gained mutation: You are partially covered in slimy green scales. (AC +2) [potion of mutation]
   475 | D:3      | Reached XP level 3. HP: 8/36 MP: 4/6
   489 | D:3      | Slain by an adder

Vault maps used:
D:1:      tarquinn_simple_flora_water_f, hangedman_feature_mirror
D:2:      chequers_ecumenical_altar_lobes, nicolae_ru_awakened_eye
D:3:      nicolae_overflow_hidden_temple, portal_sewer_entry_b

Skill      XL: |  1  2 |
---------------+-------+-----
Fighting       | 1 2 |  2.5
Maces & Flails | 1 |  1.5
Short Blades   | |  0.8
Dodging        | |  1.7
Stealth        | |  2.1
Spellcasting   | |  2.4
Hexes          | |  2.6

Action                   || total
-------------------------++-------
Melee: Dagger            ||    72
       Unarmed           ||    20
 Cast: Corona            ||     7
       Ensorcelled Hiber ||     3
Evoke: Wand              ||     2
  Use: Scroll            ||     2
       Potion            ||     1
 Stab: Sleeping          ||     5
Armor: Robe              ||    32
Dodge: Dodged            ||    70

Table legend:
 A = Spawn XP
 B = Non-spawn XP
 C = Spawn XP percentage of total XP
 D = Spawn monster count
 E = Non-spawn monster count
 F = Spawn count percentage of total count
 G = Total turns spent on level
                    A         B        C        D         E        F      G
               +---------+---------+-------+---------+---------+-------+---------
         Total |       0 |      42 |   0.0 |       0 |      19 |   0.0 |   489
               +---------+---------+-------+---------+---------+-------+---------
           D:1 |       0 |      19 |   0.0 |       0 |      11 |   0.0 |   275
           D:2 |       0 |       5 |   0.0 |       0 |       4 |   0.0 |    75
           D:3 |       0 |      18 |   0.0 |       0 |       4 |   0.0 |   139
               +---------+---------+-------+---------+---------+-------+---------
